PAAA
SALT LAKE CITY BUZZ @ THOMASVILLE LOOKOUTS
08/01/2019
 
TOP OF THE 1ST
Salt Lake City Buzz batting - Pitching for Thomasville Lookouts : LHP Hank Downey
Pitching: LHP Hank Downey
Batting: LHB Todd Williams 0-0: Called Strike
0-1: Bunted foul
0-2: SINGLE (Line Drive, 8LS)
Batting: RHB Roberto Ríos 0-0: Ball
1-0: Called Strike
1-1: SINGLE (Groundball, 4MD)
Todd Williams to second
Batting: RHB Ichiyo Fujii 0-0: Ball
1-0: Ball
2-0: Called Strike
2-1: Ball
3-1: Base on Balls
Todd Williams to third
Roberto Ríos to second
Batting: LHB George Huffman 0-0: Ball
1-0: Swinging Strike
1-1: Swinging Strike
1-2: Ball
2-2: Strikes out swinging
Batting: RHB Don MacNeilage 0-0: Ball
1-0: Fly out, F4 (Line Drive, 34D)
Batting: SHB Raymond Bright 0-0: Called Strike
0-1: Ball
1-1: Ball
2-1: Ball
3-1: Base on Balls
Todd Williams scores
Roberto Ríos to third
Ichiyo Fujii to second
Batting: SHB Shelby Reusch 0-0: Ball
1-0: Called Strike
1-1: Fly out, F7 (Flyball, 78M)
Top of the 1st over - 1 run(s), 2 hit(s), 0 error(s), 3 left on base; Salt Lake City 1 - Thomasville 0
BOTTOM OF THE 1ST
Thomasville Lookouts batting - Pitching for Salt Lake City Buzz : RHP Tom Jones
Pitching: RHP Tom Jones
Batting: RHB Tom Potts 0-0: Ball
1-0: SINGLE (Line Drive, 56D)
Batting: RHB Tamasaburo Kato 0-0: Ball
1-0: SINGLE (Flyball, 9LS)
Tom Potts to second
Runner from 2nd tries for 3rd, SAFE, throw made to third
Batting: RHB Keith Best 0-0: Ball
1-0: Called Strike
1-1: Grounds into double play, 5-4-3 (Groundball, 5)
Tom Potts scores
Batting: RHB Andrés Rodríguez 0-0: Fly out, F7 (Line Drive, 78M)
Bottom of the 1st over - 1 run(s), 2 hit(s), 0 error(s), 0 left on base; Salt Lake City 1 - Thomasville 1
TOP OF THE 2ND
Salt Lake City Buzz batting - Pitching for Thomasville Lookouts : LHP Hank Downey
Batting: RHB Patrick Clark 0-0: Foul Ball, location: 2F
0-1: Swinging Strike
0-2: Foul Ball, location: 2F
0-2: Strikes out swinging
Batting: RHB Larry Brown 0-0: Ball
1-0: Ball
2-0: Ground out 5-3 (Groundball, 5S)
Batting: LHB Todd Williams 0-0: Called Strike
0-1: Ball
1-1: Swinging Strike
1-2: Foul Ball, location: 2F
1-2: Foul Ball, location: 2F
1-2: Strikes out swinging
Top of the 2nd over - 0 run(s), 0 hit(s), 0 error(s), 0 left on base; Salt Lake City 1 - Thomasville 1
BOTTOM OF THE 2ND
Thomasville Lookouts batting - Pitching for Salt Lake City Buzz : RHP Tom Jones
Batting: LHB Pancho Ruíz 0-0: Ball
1-0: Foul Ball, location: 2F
1-1: Fly out, F3 (Popup, 3F)
Batting: SHB Gustavo Fuentes 0-0: Foul Ball, location: 2F
0-1: SINGLE (Line Drive, 3D)
Batting: RHB Juan Tapia 0-0: Called Strike
0-1: Ball
1-1: Foul Ball, location: 2F
1-2: 2-RUN HOME RUN (Flyball, 78D), Distance : 410 ft
Batting: RHB José Bocanegra 0-0: Ball
1-0: Foul Ball, location: 2F
1-1: Ground out 5-3 (Groundball, 56S)
Batting: LHB Yun Yen 0-0: Called Strike
0-1: Fly out, F2 (Popup, 25F)
Bottom of the 2nd over - 2 run(s), 2 hit(s), 0 error(s), 0 left on base; Salt Lake City 1 - Thomasville 3
TOP OF THE 3RD
Salt Lake City Buzz batting - Pitching for Thomasville Lookouts : LHP Hank Downey
Batting: RHB Roberto Ríos 0-0: Ball
1-0: Called Strike
1-1: SINGLE (Line Drive, 34D)
Batting: RHB Ichiyo Fujii 0-0: Swinging Strike
0-1: Ball
1-1: TRIPLE (Flyball, 89M)
Roberto Ríos scores
Batting: LHB George Huffman 0-0: Ball
1-0: Ball
2-0: SINGLE (Line Drive, 34D)
Ichiyo Fujii scores
Batting: RHB Don MacNeilage 0-0: Called Strike
0-1: Foul Ball, location: 2F
0-2: Foul Ball, location: 2F
0-2: Strikes out swinging
Batting: SHB Raymond Bright 0-0: Called Strike
0-1: TRIPLE (Flyball, 8LXD)
George Huffman scores
Batting: SHB Shelby Reusch 0-0: DOUBLE (Line Drive, 4MD)
Raymond Bright scores
Pitching: RHP Jim Unknown
Batting: RHB Patrick Clark 0-0: Fly out, F7 (Flyball, 7M)
Batting: RHB Larry Brown 0-0: Fly out, F6 (Popup, 6)
Top of the 3rd over - 4 run(s), 5 hit(s), 0 error(s), 1 left on base; Salt Lake City 5 - Thomasville 3
BOTTOM OF THE 3RD
Thomasville Lookouts batting - Pitching for Salt Lake City Buzz : RHP Tom Jones
Batting: RHB Tom Potts 0-0: SINGLE (Groundball, 6MD) (infield hit)
Batting: RHB Tamasaburo Kato 0-0: Fly out, F9 (Flyball, 9LMF)
Batting: RHB Keith Best 0-0: Ground out 2-3 (Groundball, 23)
Tom Potts to second
Batting: RHB Andrés Rodríguez 0-0: Ball
1-0: Ball
2-0: Called Strike
2-1: SINGLE (Groundball, 4M)
Tom Potts to third
Runner from 3rd tries for Home, SAFE, no throw or cutoff
Batting: LHB Pancho Ruíz 0-0: Ball
1-0: Foul Ball, location: 2F
1-1: Ball
2-1: Ground out 4-3 (Groundball, 4)
Bottom of the 3rd over - 1 run(s), 2 hit(s), 0 error(s), 1 left on base; Salt Lake City 5 - Thomasville 4
TOP OF THE 4TH
Salt Lake City Buzz batting - Pitching for Thomasville Lookouts : RHP Jim Unknown
Batting: LHB Todd Williams 0-0: Called Strike
0-1: Swinging Strike
0-2: Strikes out swinging
Batting: RHB Roberto Ríos 0-0: Ball
1-0: Hit by Pitch
Batting: RHB Ichiyo Fujii 0-0: Ball
1-0: Ball
2-0: Ball
3-0: Base on Balls
Roberto Ríos to second
Batting: LHB George Huffman 0-0: Ball
1-0: Foul Ball, location: 2F
1-1: Fly out, F7 (Flyball, 7M)
Batting: RHB Don MacNeilage 0-0: Ball
1-0: Ball
2-0: Ball
3-0: Base on Balls
Roberto Ríos to third
Ichiyo Fujii to second
Batting: SHB Raymond Bright 0-0: Ball
1-0: Ball
2-0: Foul Ball, location: 2F
2-1: SINGLE (Groundball, 34D)
Roberto Ríos scores
Ichiyo Fujii to third
Don MacNeilage to second
Runner from 3rd tries for Home, SAFE, throw made at trailing runner, SAFE at third!
Batting: SHB Shelby Reusch 0-0: Swinging Strike
0-1: Ground out 1-3 (Groundball, 13S)
Top of the 4th over - 2 run(s), 1 hit(s), 0 error(s), 2 left on base; Salt Lake City 7 - Thomasville 4
BOTTOM OF THE 4TH
Thomasville Lookouts batting - Pitching for Salt Lake City Buzz : RHP Tom Jones
Batting: SHB Gustavo Fuentes 0-0: Ball
1-0: Foul Ball, location: 2F
1-1: Ball
2-1: Foul Ball, location: 2F
2-2: Ball
3-2: Foul Ball, location: 2F
3-2: Hit by Pitch
Batting: RHB Juan Tapia 0-0: Ball
1-0: Swinging Strike
1-1: Foul Ball, location: 2F
1-2: Strikes out swinging
Batting: RHB José Bocanegra 0-0: Ball
1-0: Ball
2-0: Swinging Strike
2-1: Swinging Strike
2-2: Ball
3-2: Base on Balls
Gustavo Fuentes to second
Batting: LHB Yun Yen 0-0: Ball
1-0: Called Strike
1-1: Ball
2-1: SINGLE (Groundball, 4M)
Gustavo Fuentes to third
José Bocanegra to second
Runner from 3rd tries for Home, SAFE, throw made home
Pitching: RHP Suezo Sato
Batting: RHB Tom Potts 0-0: Called Strike
0-1: Ball
1-1: Fly out, F9 (Flyball, 89S)
Batting: RHB Tamasaburo Kato 0-0: Called Strike
0-1: SINGLE (Groundball, 56D)
José Bocanegra to third
Yun Yen to second
Runner from 3rd tries for Home, SAFE, no throw or cutoff
Batting: RHB Keith Best 0-0: Ball
1-0: Ball
2-0: Swinging Strike
2-1: Ball
3-1: SINGLE (Groundball, 6D)
Yun Yen to third
Tamasaburo Kato to second
Runner from 3rd tries for Home, SAFE, throw made home
Tamasaburo Kato to third
Keith Best to second
Batting: RHB Andrés Rodríguez 0-0: Ball
Wild Pitch!
Tamasaburo Kato scores
Keith Best to third
1-0: Foul Ball, location: 2F
1-1: Fly out, F9 (Line Drive, 89M)
Bottom of the 4th over - 4 run(s), 3 hit(s), 0 error(s), 1 left on base; Salt Lake City 7 - Thomasville 8
TOP OF THE 5TH
Salt Lake City Buzz batting - Pitching for Thomasville Lookouts : RHP Jim Unknown
Batting: RHB Patrick Clark 0-0: Called Strike
0-1: Foul Ball, location: 2F
0-2: Foul Ball, location: 2F
0-2: Ball
1-2: Strikes out looking
Batting: RHB Larry Brown 0-0: Ball
1-0: Swinging Strike
1-1: Swinging Strike
1-2: Ground out 6-3 (Groundball, 6M)
Batting: LHB Todd Williams 0-0: Ball
1-0: Ball
2-0: Called Strike
2-1: Swinging Strike
2-2: Ball
3-2: Strikes out swinging
Top of the 5th over - 0 run(s), 0 hit(s), 0 error(s), 0 left on base; Salt Lake City 7 - Thomasville 8
BOTTOM OF THE 5TH
Thomasville Lookouts batting - Pitching for Salt Lake City Buzz : RHP Suezo Sato
Batting: LHB Pancho Ruíz 0-0: Swinging Strike
0-1: Ball
1-1: Ball
2-1: Ball
3-1: Ground out U3 (Groundball, 3L)
Batting: SHB Gustavo Fuentes 0-0: Swinging Strike
0-1: Swinging Strike
0-2: Ground out 4-3 (Groundball, 4)
Batting: RHB Juan Tapia 0-0: Ball
1-0: Foul Ball, location: 2F
1-1: Swinging Strike
1-2: Strikes out swinging
Bottom of the 5th over - 0 run(s), 0 hit(s), 0 error(s), 0 left on base; Salt Lake City 7 - Thomasville 8
TOP OF THE 6TH
Salt Lake City Buzz batting - Pitching for Thomasville Lookouts : RHP Jim Unknown
Pitching: RHP Jim Unknown
Batting: RHB Roberto Ríos 0-0: Foul Ball, location: 2F
0-1: Foul Ball, location: 2F
0-2: Ball
1-2: Strikes out looking
Batting: RHB Ichiyo Fujii 0-0: Foul Ball, location: 2F
0-1: Foul Ball, location: 2F
0-2: Ball
1-2: Ball
2-2: Ball
3-2: Foul Ball, location: 2F
3-2: Fly out, F4 (Popup, 4D)
Batting: LHB George Huffman 0-0: Ball
1-0: Ball
2-0: Called Strike
2-1: Foul Ball, location: 2F
2-2: Ball
3-2: Fly out, F9 (Flyball, 89XD)
Top of the 6th over - 0 run(s), 0 hit(s), 0 error(s), 0 left on base; Salt Lake City 7 - Thomasville 8
BOTTOM OF THE 6TH
Thomasville Lookouts batting - Pitching for Salt Lake City Buzz : RHP Suezo Sato
Batting: RHB José Bocanegra 0-0: Called Strike
0-1: SINGLE (Groundball, 56)
Batting: LHB Yun Yen 0-0: Ball
1-0: Fly out, F9 (Flyball, 89S)
Batting: RHB Tom Potts 0-0: Ball
1-0: Ball
2-0: Called Strike
2-1: Ball
3-1: Called Strike
José Bocanegra steals 2nd base
3-2: Fly out, F8 (Flyball, 8LM)
Batting: RHB Tamasaburo Kato 0-0: Ball
1-0: SINGLE (Line Drive, 78S)
José Bocanegra to third
Batting: RHB Keith Best 0-0: Ball
1-0: Ball
2-0: SINGLE (Groundball, 34D)
José Bocanegra scores
Tamasaburo Kato to second
Runner from 2nd tries for 3rd, SAFE, throw made to third
Pitching: RHP Albert Blake
Batting: RHB Andrés Rodríguez 0-0: Called Strike
0-1: Foul Ball, location: 2F
0-2: Ball
1-2: Fly out, F5 (Popup, 5SF)
Bottom of the 6th over - 1 run(s), 3 hit(s), 0 error(s), 2 left on base; Salt Lake City 7 - Thomasville 9
TOP OF THE 7TH
Salt Lake City Buzz batting - Pitching for Thomasville Lookouts : RHP Jim Unknown
Batting: RHB Don MacNeilage 0-0: Called Strike
0-1: Ball
1-1: Foul Ball, location: 2F
1-2: Ball
2-2: Foul Ball, location: 2F
2-2: Foul Ball, location: 2F
2-2: Strikes out swinging
Batting: SHB Raymond Bright 0-0: Ball
1-0: Ball
2-0: Called Strike
2-1: Foul Ball, location: 2F
2-2: Foul Ball, location: 2F
2-2: Foul Ball, location: 2F
2-2: Ball
3-2: Foul Ball, location: 2F
3-2: SINGLE (Groundball, 4MD) (infield hit)
Batting: SHB Shelby Reusch 0-0: Swinging Strike
0-1: Swinging Strike
0-2: Ball
1-2: Ball
2-2: Ball
3-2: Strikes out swinging
Batting: RHB Patrick Clark 0-0: Ball
Raymond Bright is caught stealing 2nd base
Top of the 7th over - 0 run(s), 1 hit(s), 0 error(s), 0 left on base; Salt Lake City 7 - Thomasville 9
BOTTOM OF THE 7TH
Thomasville Lookouts batting - Pitching for Salt Lake City Buzz : RHP Albert Blake
Batting: LHB Pancho Ruíz 0-0: Called Strike
0-1: Swinging Strike
0-2: Strikes out swinging
Batting: SHB Gustavo Fuentes 0-0: Called Strike
0-1: Ball
1-1: Swinging Strike
1-2: DOUBLE (Line Drive, 78D)
Batting: RHB Juan Tapia 0-0: Intentional Walk
Batting: RHB José Bocanegra 0-0: Called Strike
0-1: Foul Ball, location: 2F
0-2: SINGLE (Line Drive, 4MD)
Gustavo Fuentes to third
Juan Tapia to second
Runner from 3rd tries for Home, SAFE, throw made home
Pitching: LHP Daniel León
Batting: LHB Yun Yen 0-0: SINGLE (Line Drive, 34)
Juan Tapia to third
José Bocanegra to second
Runner from 3rd tries for Home, SAFE, no throw or cutoff
Pitching: RHP Mike Hickey
Batting: RHB Tom Potts 0-0: Foul Ball, location: 2F
0-1: Foul Ball, location: 2F
0-2: Reached on error, E6 (Groundball, 6)
José Bocanegra to third
Yun Yen to second
Batting: RHB Tamasaburo Kato 0-0: Foul Ball, location: 2F
0-1: Ball
1-1: Swinging Strike
1-2: Strikes out looking
Batting: RHB Keith Best 0-0: Swinging Strike
0-1: Ball
1-1: Swinging Strike
1-2: Strikes out swinging
Bottom of the 7th over - 2 run(s), 3 hit(s), 1 error(s), 3 left on base; Salt Lake City 7 - Thomasville 11
TOP OF THE 8TH
Salt Lake City Buzz batting - Pitching for Thomasville Lookouts : RHP Jim Unknown
Pitching: LHP Jim Unknown
Batting: RHB Patrick Clark 0-0: Fly out, F9 (Line Drive, 9S)
Batting: RHB Larry Brown 0-0: SINGLE (Line Drive, 34)
Batting: LHB Todd Williams 0-0: Foul Ball, location: 2F
0-1: Swinging Strike
0-2: Ball
1-2: Foul Ball, location: 2F
1-2: Ball
2-2: Strikes out swinging
Batting: RHB Roberto Ríos 0-0: Ball
1-0: Called Strike
1-1: Foul Ball, location: 2F
1-2: Ground out 1-3 (Groundball, 13S)
Top of the 8th over - 0 run(s), 1 hit(s), 0 error(s), 1 left on base; Salt Lake City 7 - Thomasville 11
BOTTOM OF THE 8TH
Thomasville Lookouts batting - Pitching for Salt Lake City Buzz : RHP Mike Hickey
Batting: RHB Andrés Rodríguez 0-0: Foul Ball, location: 2F
0-1: Swinging Strike
0-2: Ball
1-2: Foul Ball, location: 2F
1-2: Ground out 2-3 (Groundball, 2L)
Batting: LHB Pancho Ruíz 0-0: Ball
1-0: Ball
2-0: Called Strike
2-1: Called Strike
2-2: Strikes out swinging
Batting: SHB Gustavo Fuentes 0-0: Called Strike
0-1: Ball
1-1: Foul Ball, location: 2F
1-2: Foul Ball, location: 2F
1-2: Strikes out looking
Bottom of the 8th over - 0 run(s), 0 hit(s), 0 error(s), 0 left on base; Salt Lake City 7 - Thomasville 11
TOP OF THE 9TH
Salt Lake City Buzz batting - Pitching for Thomasville Lookouts : LHP Jim Unknown
Pitching: RHP Jim Unknown
Batting: RHB Ichiyo Fujii 0-0: Ball
1-0: Ball
2-0: Ball
3-0: Called Strike
3-1: Base on Balls
Batting: LHB George Huffman 0-0: Ball
1-0: Swinging Strike
1-1: Fly out, F7 (Flyball, 7M)
Batting: RHB Don MacNeilage 0-0: Called Strike
0-1: Called Strike
0-2: Foul Ball, location: 2F
0-2: Ball
1-2: Foul Ball, location: 2F
1-2: Ball
2-2: Foul Ball, location: 2F
2-2: Strikes out swinging
Batting: SHB Raymond Bright 0-0: SINGLE (Line Drive, 89S)
Ichiyo Fujii to second
Batting: SHB Shelby Reusch 0-0: Ball
1-0: Ground out 1-3 (Groundball, 23)
Top of the 9th over - 0 run(s), 1 hit(s), 0 error(s), 2 left on base; Salt Lake City 7 - Thomasville 11
This league is powered by Out of the Park Baseball, the baseball management simulation game for PC, Mac and Linux
Saturday, July 25th, 2015 - OOTP Baseball 15.6 Build 34